 Dungeon Crawl Stone Soup version 0.20-a0-1062-g7b787ac (webtiles) character file.

267 JeffiDaFish the Shield-Bearer (level 6, -1/38 HPs)
             Began as a Gargoyle Fighter on Apr 27, 2017.
             Slain by a scorpion (3 damage)
             ... on level 4 of the Dungeon.
             The game lasted 00:06:50 (2986 turns).

JeffiDaFish the Shield-Bearer (Gargoyle Fighter)    Turns: 2986, Time: 00:06:50

Health: -1/38      AC: 13    Str: 20    XL:     6   Next: 21%
Magic:  6/6        EV:  8    Int:  8    God:
Gold:   283        SH: 10    Dex: 11    Spells: 5/5 levels left

rFire    . . .     SeeInvis .   a - +1 flail
rCold    . . .     Gourm    .   c - +1 shield
rNeg     + . .     Faith    .   b - +0 scale mail
rPois    ∞         Spirit   .   (no helmet)
rElec    +         Reflect  .   (no cloak)
rCorr    .         Harm     .   (no gloves)
MR       .....                  q - +1 pair of boots
Stlth    ..........             (no amulet)
Regen    0.2/turn               (no ring)
MPRegen  0.1/turn               (no ring)

@: slowed, very slow
A: hooves 1, negative energy resistance 1, electricity resistance, unbreathing,
petrification resistance, rot immunity, MP-powered wands, AC +4
a: no special abilities


You were on level 4 of the Dungeon.
You were not hungry.

You visited 1 branch of the dungeon, and saw 4 of its levels.

You collected 283 gold pieces.

Inventory:

Hand Weapons
 a - a +1 flail (weapon)
Armour
 b - a +0 scale mail (worn)
 c - a +1 shield (worn)
 q - a +1 pair of boots (worn)
Jewellery
 p - an uncursed ring of magical power {unknown}
Scrolls
 k - 3 scrolls of identify
 n - a scroll of enchant weapon
Potions
 d - 2 potions of might
 j - 2 potions of agility
Comestibles
 f - 2 bread rations
 g - 3 chunks of flesh
 h - 9 fruits
 i - 2 meat rations
 o - a royal jelly


   Skills:
 + Level 4.0 Fighting
 + Level 4.0 Maces & Flails
 + Level 4.4 Armour
 + Level 1.1 Dodging
 + Level 4.5 Shields


You had 5 spell levels left.
You didn't know any spells.

Dungeon Overview and Level Annotations

Branches:
Dungeon (4/15)
 Temple: D:4-7

Altars:
Elyvilon
Gozag
Ru
Yredelemnul

Shops:
D:3 *


Innate Abilities, Weirdness & Mutations

You are resistant to torment.
Your stone body is resilient. (AC +4)
You are immune to poison.
You resist negative energy. (rN+)
You are resistant to electric shocks. (rElec)
You can survive without breathing.
You are immune to petrification.
You are immune to rotting.
You have large cloven feet.
You expend magic power (3 MP) to strengthen your wands.


Message History

* * * LOW HITPOINT WARNING * * *
The orc wizard hits you but does no damage.
You block the scorpion's attack.
You feel a strong urge to attack something.
You closely miss the scorpion.
The scorpion stings you but does no damage.
Your shield prevents you from hitting the scorpion.
You are no longer berserk.
You are exhausted.
You feel yourself slow down. You block the scorpion's attack.
The orc priest miscasts a cantrip.
You block the scorpion's attack. You block the scorpion's attack.
You block the scorpion's attack.
You closely miss the scorpion. The scorpion stings you.
* * * LOW HITPOINT WARNING * * *
You block the scorpion's attack.
Your shield and scale mail prevent you from hitting the scorpion.
The scorpion stings you.
You die...

######....######
#..#...#
#..........
#......
#..#.######
#..##.## ##..#.#
#### ...# #.##
##.o.#.##........
>....
#.###)..........
.#### #.#
#.....## ## #
#.###s.##.#
##oo.#@# #
#####.# #.# #.#
#.# #.# #.# #.#


You could see a scorpion.

Vanquished Creatures
  An orc priest (D:4)
  Natasha (thrice) (D:2)
  A worker ant (D:4)
  5 adders
  An ooze (D:1)
  An adder skeleton (D:4)
  4 worms
  A dart slug (D:1)
  4 leopard geckos
  An orc (D:4)
  7 giant cockroaches
  9 goblins
  4 hobgoblins
  4 jackals (D:4)
  2 ball pythons
  3 bats (D:1)
  4 frilled lizards
  10 kobolds
  11 rats
  A spectral orc (D:3)
77 creatures vanquished.

Notes
Turn   | Place    | Note
-------+----------+-------------------------------------------
     0 | D:1      | JeffiDaFish the Gargoyle Fighter began the quest for the Orb.
     0 | D:1      | Reached XP level 1. HP: 14/14 MP: 1/1
   261 | D:1      | Reached XP level 2. HP: 16/19 MP: 2/2
   611 | D:1      | Reached XP level 3. HP: 22/23 MP: 3/3
  1251 | D:2      | Found a sacrificial altar of Ru.
  1273 | D:2      | Gained mutation: You expend magic power (3 MP) to strengthen your wands. [potion of mutation]
  1273 | D:2      | Gained mutation: You have large cloven feet. [potion of mutation]
  1278 | D:2      | Noticed Natasha
  1284 | D:2      | Killed Natasha
  1284 | D:2      | Reached skill level 1 in Dodging
  1284 | D:2      | Reached XP level 4. HP: 28/28 MP: 4/4
  1466 | D:2      | Noticed Natasha
  1489 | D:2      | Killed Natasha
  1489 | D:2      | Reached XP level 5. HP: 22/33 MP: 5/5
  1734 | D:2      | Found a white marble altar of Elyvilon.
  1905 | D:2      | Noticed Natasha
  1913 | D:2      | Killed Natasha
  2486 | D:3      | Found a basalt altar of Yredelemnul.
  2572 | D:3      | Found an opulent altar of Gozag.
  2574 | D:3      | Found Gozag's Platinum Reserve.
  2885 | D:4      | Reached XP level 6. HP: 38/38 MP: 6/6
  2986 | D:4      | Slain by a scorpion

Vault maps used:
D:1:      onia_arrival_pentagram
D:2:      nicolae_overflow_hidden_temple, nicolae_ru_awakened_eye,
          eino_tiny_chamber, minmay_cupped, uniq_natasha
D:3:      yredelemnul_forgotten_temple_becter, nicolae_gozag_zags_fifth_avenue,
          first_bread
D:4:      minmay_temple_entry_hall

Skill      XL: |  1  2  3  4  5  6 |
---------------+-------------------+-----
Dodging        | 1 |  1.1
Shields        | 4 |  4.5
Maces & Flails | 3 4 |  4.0
Armour         | 4 |  4.4
Fighting       | 4 |  4.0

Action                   |  1- 3 |  4- 6 || total
-------------------------+-------+-------++-------
Melee: Flail             |   147 |   181 ||   328
       Kick              |     1 |    28 ||    29
  Use: Scroll            |     3 |     8 ||    11
       Potion            |     4 |     7 ||    11
  Eat: Chunk             |     2 |     5 ||     7
Armor: Scale mail        |    88 |    79 ||   167
Dodge: Dodged            |    47 |    55 ||   102
Block: Shield            |    93 |   110 ||   203
